 Dungeon Crawl Stone Soup version 0.26-a0-646-g5d7718319a (webtiles) character file.

Game seed: 13205323231451085381

56427 MrRokkomies the Zephyrmancer (level 14, -9/88 HPs)
             Began as a Tengu Air Elementalist on Sept 24, 2020.
             Was the Champion of Kikubaaqudgha.
             Mangled by a catoblepas (22 damage)
             ... on level 6 of the Lair of Beasts.
             The game lasted 01:07:46 (29848 turns).

MrRokkomies the Zephyrmancer (TeAE)                Turns: 29848, Time: 01:07:46

Health: -9/88      AC: 11    Str: 10    XL:     14   Next: 81%
Magic:  0/45       EV: 18    Int: 28    God:    Kikubaaqudgha [******]
Gold:   1228       SH:  0    Dex:  6    Spells: 3/29 levels left

rFire    + + +     SeeInvis .   a - +8 eveningstar of the Boiling Point {protect, Int+5}
rCold    . . .     Faith    .   (no shield)
rNeg     . . .     Spirit   +   e - +2 robe {MR+}
rPois    +         Reflect  .   L - +2 hat {MR+}
rElec    .         Harm     .   Q - +2 cloak {rF+}
rCorr    .         Rampage  .   w - +1 pair of gloves
MR       +++..                  (boots unavailable)
Stlth    ++........             j - amulet "Hutofus" {Spirit rPois rF+++ Dex-4 Stlth+}
HPRegen  0.24/turn              y - ring of magical power
MPRegen  0.29/turn              b - ring of the Hart {+Blink MP+9 Int+3 Dex-4}

@: flying quickly and evasively, quick
A: beak, talons 3, able to fly
a: Stop Flying, Receive Corpses, Torment, Brand Weapon With Pain, Receive
Necronomicon, Renounce Religion, Evoke Blink


You were on level 6 of the Lair of Beasts.
You worshipped Kikubaaqudgha.
Kikubaaqudgha was exalted by your worship.
You visited 3 branches of the dungeon, and saw 16 of its levels.
You also visited: Sewer, Ice Cave and Volcano.

You collected 1228 gold pieces.

Inventory:

Hand Weapons
 a - the +8 eveningstar of the Boiling Point (weapon) {protect, Int+5}
   (You acquired it in a volcano)

   It grants its wielder temporary protection when it strikes (+7 to AC).
   It affects your intelligence (+5).
 A - a +0 quick blade of flaming
Missiles
 f - 7 curare-tipped darts
 g - 76 poisoned darts (quivered)
 h - 4 throwing nets
Armour
 e - a +2 robe of magic resistance (worn)
 w - a +1 pair of gloves (worn)
 L - a +2 hat of magic resistance (worn)
 M - a +1 leather armour of cold resistance
 Q - a +2 cloak of fire resistance (worn)
 R - a +1 leather armour of fire resistance
Magical Staves
 C - an uncursed staff of fire
 K - an uncursed staff of cold
Jewellery
 b - the ring of the Hart (right hand) {+Blink MP+9 Int+3 Dex-4}
   (You found it on level 4 of the Lair of Beasts)

   [ring of magical power]

   It affects your intelligence (+3).
   It affects your dexterity (-4).
   It affects your magic capacity (+9).
   It lets you blink.
 j - the amulet "Hutofus" (around neck) {Spirit rPois rF+++ Dex-4 Stlth+}
   (You found it on level 4 of the Dungeon)

   [amulet of guardian spirit]

   It causes incoming damage to be split between your health and magic.
   It affects your dexterity (-4).
   It renders you almost immune to fire.
   It protects you from poison.
   It makes you more stealthy.
 x - an uncursed ring of see invisible
 y - a ring of magical power (left hand)
 F - an uncursed ring of poison resistance
 N - an uncursed ring of magical power
Wands
 m - a wand of polymorph (5)
 q - a wand of enslavement (6)
 v - a wand of random effects (37)
 B - a wand of iceblast (44)
 G - a wand of acid (5)
Scrolls
 c - 2 scrolls of enchant armour
 i - 4 scrolls of enchant weapon
 k - 6 scrolls of teleportation
 l - 2 scrolls of blinking
 r - 2 scrolls of remove curse
 D - a scroll of fog
 E - 6 scrolls of identify
 J - a scroll of summoning
 O - 4 scrolls of magic mapping
Potions
 d - a potion of resistance
 n - 5 potions of brilliance
 o - 4 potions of lignification
 p - a potion of heal wounds
 s - 4 potions of stabbing
 t - 8 potions of curing
 u - 4 potions of might
 z - 3 potions of haste
 H - 3 potions of magic
 P - a potion of berserk rage
Miscellaneous
 S - a box of beasts (3/3)
 T - a condenser vane (2/2)


   Skills:
 - Level 10.0 Fighting
 + Level 5.9 Maces & Flails
 + Level 11.4 Dodging
 - Level 2.0 Stealth
 - Level 8.0 Spellcasting
 - Level 8.0 Conjurations
 * Level 11.5 Necromancy
 - Level 5.0 Translocations
 * Level 9.4 Ice Magic
 - Level 12.0 Air Magic


You had 3 spell levels left.
You knew the following spells:

 Your Spells              Type           Power        Failure   Level
a - Shock                 Conj/Air       ####         1%          1
b - Swiftness             Air            ######..     1%          2
c - Static Discharge      Conj/Air       ######..     1%          3
d - Airstrike             Air            ######....   1%          4
e - Iskenderun's Mystic   Conj/Tloc      #####...     3%          4
f - Animate Dead          Necr           ######....   1%          4
g - Lightning Bolt        Conj/Air       ######....   2%          5
h - Frozen Ramparts       Ice            ######       1%          3

Your spell library contained the following spells:

 Spells                   Type           Power        Failure   Level
 Animate Skeleton         Necr           ######       1%          1
 Freeze                   Ice            ####         1%          1
 Magic Dart               Conj           ####         1%          1
 Pain                     Necr           ####         1%          1
 Ensorcelled Hibernation  Hex/Ice        #####.       1%          2
 Searing Ray              Conj           ######       1%          2
 Sublimation of Blood     Necr           ######....   1%          2
 Ozocubu's Armour         Ice            ######..     1%          3
 Vampiric Draining        Necr           ######....   1%          3
 Dazzling Flash           Conj/Hex       ####..       2%          3
 Beastly Appendage        Tmut           ##....       4%          1
 Wereblood                Tmut           ##......     8%          2
 Spider Form              Tmut/Pois      ##........   14%         3
 Dispel Undead            Necr           ######..     1%          4
 Hailstorm                Conj/Ice       ######..     1%          4
 Agony                    Necr           ######..     1%          5
 Excruciating Wounds      Necr           ######....   1%          5
 Death Channel            Necr           ######....   6%          6
 Ice Form                 Ice/Tmut       #####...     7%          4
 Summon Ice Beast         Ice/Summ       #####...     7%          4
 Fulminant Prism          Conj/Hex       ####......   10%         4
 Simulacrum               Ice/Necr       ######....   10%         6
 Ozocubu's Refrigeration  Ice            ######....   16%         6
 Blade Hands              Tmut           ##........   80%         5


Dungeon Overview and Level Annotations

Branches:
Dungeon (9/15)             Temple (1/1) D:6            Lair (6/6) D:9
 Shoals (0/4) Lair:4       Spider (0/4) Lair:2        Slime (0/5) Lair:6
    Orc (0/2) D:9           Sewer (visited)           IceCv (visited)
Volcano (visited)

Altars:
Ashenzari
Cheibriados
Dithmenos
Elyvilon
Fedhas
Gozag
Hepliaklqana
Kikubaaqudgha
Makhleb
Nemelex Xobeh
Okawaru
Qazlal
Ru
Sif Muna
Trog
Uskayaw
Vehumet
Wu Jian
Xom
Yredelemnul
Zin
Jiyva

Annotations:
D:3 Grinder


Innate Abilities, Weirdness & Mutations

You have a beak for a mouth.
You have claws for feet.
You can fly continuously.


Message History

You have turned to stone.
The black mamba bites you. The black mamba bites you!
The black mamba bites you.
Your magical contamination has completely faded away.
The black mamba bites you! x2
The black mamba bites you but does no damage.
The black mamba bites you.
The black mamba bites you but does no damage.
The black mamba bites you. The catoblepas gores you!!
* * * LOW HITPOINT WARNING * * *
The black mamba bites you!
* * * LOW HITPOINT WARNING * * *
The lindwurm roars!
You turn to flesh and can move again.
As you read the scroll of fear, it crumbles to dust.
You assume a fearsome visage.
The lindwurm looks frightened!
The catoblepas easily resists.
The black mamba looks frightened!
The catoblepas gores you!!
You die...
Kikubaaqudgha rasps: "You have failed me!
Welcome... death!"

#............##.............
###...#..Y...###....P.......
#..P###.#..###........†÷..
##.##...#...##.#.........#
###....#..P#.#.........##
##...#...##.....#....##
###k#..###........#..#
#...Y..###.......#..#.
...§#S.@.##..#....#....#
.........####....P........
.....#.... ##....#.......
.#.###P..## #............
.Y. ##### ##........#... .#
#.......##.#..
#.......##....
#..P....##.#..
#...##.####...


You could see a catoblepas, a lindwurm (fleeing) and a black mamba (fleeing).

Vanquished Creatures
  2 entropy weavers
  3 hydras
  A catoblepas (Lair:6)
  A two-headed ogre (D:9)
  5 death yaks
  Nergalle (Lair:3)
  4 lindwurms
  A necromancer (IceCv)
  5 oklob plants
  A manticore (Lair:6)
  A toenail golem (Volcano)
  9 elephants
  An ice statue (IceCv)
  6 black mambas
  4 molten gargoyles (Volcano)
  A torpor snail (Lair:6)
  16 cane toads
  5 rime drakes
  2 efreet (Volcano)
  2 komodo dragons
  10 freezing wraiths (IceCv)
  A wolf spider simulacrum (IceCv)
  2 raiju (Lair:6)
  A troll (D:9)
  6 dream sheep (Lair:4)
  4 polar bears (Lair:6)
  10 hippogriffs
  12 blink frogs
  A snapping turtle (Lair:4)
  3 shadows (D:9)
  2 redbacks (Lair:2)
  A wraith (D:9)
  4 wyverns (Lair:4)
  3 fire elementals (Volcano)
  28 yaks
  A basilisk (Lair:6)
  2 wargs (Lair:6)
  A death yak simulacrum (IceCv)
  10 soldier ants
  11 water moccasins
  13 porcupines
  5 hell hounds (Lair:6)
  6 black bears (Lair:6)
  2 orc warriors
  An eye of draining (D:9)
  6 ice beasts (IceCv)
  An alligator simulacrum (IceCv)
  3 phantoms
  7 ogres
  3 centaurs
  15 crocodiles
  13 wolves
  Blork the orc (D:6)
  4 big kobolds
  10 bullfrogs
  An earth elemental (Volcano)
  An oklob sapling (D:6)
  3 troll zombies (D:9)
  3 killer bees (D:9)
  3 wights (D:8)
  An electric eel (Lair:4)
  A howler monkey (D:6)
  2 vampire bats (Lair:2)
  2 draconian simulacra (IceCv)
  4 orc priests
  13 orc wizards
  A centaur zombie (D:9)
  A jelly (D:7)
  A gnoll shaman (D:6)
  A bullfrog skeleton (D:7)
  A centaur skeleton (D:9)
  5 hounds
  2 iguanas
  19 worker ants
  6 hell rats
  2 spriggan simulacra (IceCv)
  4 troll simulacra (IceCv)
  A polar bear simulacrum (IceCv)
  5 ogre zombies (D:9)
  4 centaur simulacra (IceCv)
  2 hound skeletons
  6 gnolls
  3 naga simulacra (IceCv)
  2 ogre simulacra (IceCv)
  12 adders
  8 river rats (Sewer)
  2 shadow imps
  13 white imps
  An ufetubus (D:6)
  3 oozes
  An adder skeleton (D:8)
  3 worms
  3 dart slugs
  8 leopard geckos
  32 orcs
  5 ball pythons
  15 bats
  7 giant cockroaches
  9 goblins
  8 hobgoblins
  3 jackals (D:4)
  A quokka (D:5)
  6 frilled lizards
  3 goblin skeletons (D:9)
  A goblin zombie (D:9)
  2 hobgoblin skeletons (D:9)
  A hobgoblin zombie (D:9)
  36 kobolds
  4 orc skeletons (D:9)
  13 orc zombies (D:9)
  A quokka skeleton (D:6)
  24 rats
  A fire vortex (Volcano)
600 creatures vanquished.

Vanquished Creatures (collateral kills)
  2 death yaks (Lair:3)
  An elephant (Lair:6)
  A crocodile (Lair:3)
4 creatures vanquished.

Vanquished Creatures (others)
  A troll simulacrum (IceCv)
  A centaur simulacrum (IceCv)
  A naga simulacrum (IceCv)
  A goblin zombie (D:9)
  2 bushes
  4 fire vortices (Volcano)
  42 fungi
  79 plants
131 creatures vanquished.

Grand Total: 735 creatures vanquished

Notes
Turn   | Place    | Note
-------+----------+-------------------------------------------
     0 | D:1      | MrRokkomies the Tengu Air Elementalist began the quest for
                  | the Orb.
     0 | D:1      | Reached XP level 1. HP: 10/10 MP: 4/4
   117 | D:1      | Reached XP level 2. HP: 9/15 MP: 1/6
   495 | D:1      | Reached XP level 3. HP: 17/20 MP: 3/7
  1133 | D:2      | Reached skill level 1 in Fighting
  1650 | D:2      | Reached XP level 4. HP: 25/25 MP: 0/8
  1798 | D:2      | Found a broken altar of Ashenzari.
  1835 | D:2      | Reached skill level 5 in Air Magic
  2231 | D:2      | Gained mutation: You can fly continuously. [Tengu growth]
  2231 | D:2      | Reached XP level 5. HP: 29/29 MP: 6/9
  2293 | D:2      | Learned a level 2 spell: Swiftness
  2297 | D:2      | Learned a level 3 spell: Static Discharge
  2358 | D:2      | Found an iron altar of Okawaru.
  2453 | D:3      | Noticed Grinder
  2713 | D:4      | Found a glowing drain.
  2731 | Sewer    | Entered a sewer
  2981 | Sewer    | Reached XP level 6. HP: 32/35 MP: 10/10
  3303 | Sewer    | Reached skill level 6 in Air Magic
  3546 | Sewer    | Reached skill level 5 in Conjurations
  4142 | D:4      | Got a wavering ruby amulet
  4148 | D:4      | Identified the amulet "Hutofus" {Spirit rPois rF+++ Dex-4
                  | Stlth+} (You found it on level 4 of the Dungeon)
  4467 | D:4      | Reached XP level 7. HP: 36/40 MP: 2/11
  4982 | D:4      | Reached skill level 7 in Air Magic
  5077 | D:4      | Learned a level 4 spell: Airstrike
  5492 | D:5      | Entered Level 5 of the Dungeon
  5667 | D:5      | Found a sparkling altar of Nemelex Xobeh.
  5772 | D:5      | Found a blossoming altar of Fedhas.
  6042 | D:6      | Reached XP level 8. HP: 46/46 MP: 12/12
  6320 | D:6      | Found a staircase to the Ecumenical Temple.
  6441 | D:6      | Reached skill level 8 in Air Magic
  6709 | Temple   | Entered the Ecumenical Temple
  6961 | Temple   | Became a worshipper of Kikubaaqudgha
  6978 | D:6      | Noticed Blork the orc
  7137 | D:6      | Killed Blork the orc
  7137 | D:6      | Reached skill level 5 in Dodging
  7257 | D:6      | Reached skill level 9 in Air Magic
  8466 | D:6      | Reached XP level 9. HP: 52/52 MP: 13/13
  8538 | D:6      | Found a burning altar of Makhleb.
  8872 | D:7      | Reached skill level 10 in Air Magic
  9073 | D:7      | Reached skill level 5 in Fighting
  9091 | D:7      | Reached * piety under Kikubaaqudgha
  9091 | D:7      | Identified Kikubaaqudgha's Reference Book on Black Rituals
                  | (Kikubaaqudgha gifted it to you on level 7 of the Dungeon)
  9091 | D:7      | Received a gift from Kikubaaqudgha
 10203 | D:8      | Reached skill level 11 in Air Magic
 10701 | D:8      | Reached ** piety under Kikubaaqudgha
 10715 | D:8      | Found a bloodstained altar of Trog.
 10755 | D:8      | Found a stormy altar of Qazlal.
 11174 | D:8      | Reached XP level 10. HP: 60/60 MP: 16/16
 11813 | D:9      | Noticed a two-headed ogre
 11825 | D:9      | Killed a two-headed ogre
 12010 | D:9      | Reached skill level 12 in Air Magic
 12012 | D:9      | Reached skill level 5 in Spellcasting
 12018 | D:9      | Learned a level 4 spell: Iskenderun's Mystic Blast
 12289 | D:9      | Reached skill level 1 in Translocations
 12464 | D:9      | Found a staircase to the Lair.
 12464 | D:9      | Noticed an elephant
 12480 | D:9      | Killed an elephant
 12581 | D:9      | Reached *** piety under Kikubaaqudgha
 12581 | D:9      | Identified Kikubaaqudgha's Almanac of Evil Rituals
                  | (Kikubaaqudgha gifted it to you on level 9 of the Dungeon)
 12581 | D:9      | Received a gift from Kikubaaqudgha
 12938 | D:9      | Learned a level 4 spell: Animate Dead
 13162 | D:9      | Found a staircase to the Orcish Mines.
 13444 | D:9      | Found a sacrificial altar of Ru.
 13984 | Lair:1   | Entered Level 1 of the Lair of Beasts
 13984 | Lair:1   | Noticed a cane toad
 13988 | Lair:1   | Killed a cane toad
 13988 | Lair:1   | Reached XP level 11. HP: 53/66 MP: 9/21
 14147 | Lair:1   | Reached **** piety under Kikubaaqudgha
 15260 | Lair:2   | Found a frozen archway.
 15278 | IceCv    | Entered an ice cave
 16130 | IceCv    | Reached skill level 5 in Translocations
 16630 | IceCv    | Learned a level 5 spell: Lightning Bolt
 16648 | IceCv    | Reached skill level 1 in Necromancy
 17164 | IceCv    | Reached ***** piety under Kikubaaqudgha
 17277 | IceCv    | Found an ancient bone altar of Kikubaaqudgha.
 17436 | IceCv    | Reached XP level 12. HP: 73/73 MP: 17/25
 17785 | IceCv    | Identified Innorphil's Disquisition on Cold
 17898 | Lair:2   | Learned a level 3 spell: Frozen Ramparts
 18099 | Lair:2   | Reached skill level 1 in Ice Magic
 18891 | Lair:2   | Found a hole to the Spider Nest.
 19253 | Lair:2   | Reached skill level 5 in Necromancy
 19583 | Lair:3   | Noticed Nergalle
 19588 | Lair:3   | Killed Nergalle
 19592 | Lair:3   | Noticed an eight-headed hydra
 20178 | Lair:3   | Killed an eight-headed hydra
 20357 | Lair:3   | Reached skill level 10 in Dodging
 20621 | Lair:3   | Found a broken altar of Ashenzari.
 21009 | Lair:3   | Noticed a death yak
 21017 | Lair:3   | Killed a death yak
 21017 | Lair:3   | Reached skill level 5 in Ice Magic
 21020 | Lair:3   | Noticed a death yak
 21025 | Lair:3   | Noticed a death yak
 21030 | Lair:3   | Killed a death yak
 21030 | Lair:3   | Reached XP level 13. HP: 26/80 MP: 1/26
 22159 | Lair:4   | Found a dark tunnel.
 22172 | Volcano  | Entered a volcano
 22173 | Volcano  | Identified a scroll of acquirement
 22173 | Volcano  | Acquired the +8 eveningstar of the Boiling Point {protect,
                  | Int+5}
 22545 | Volcano  | Reached skill level 1 in Maces & Flails
 23828 | Lair:4   | Reached ****** piety under Kikubaaqudgha
 24077 | Lair:4   | Got a fine ivory ring
 24079 | Lair:4   | Identified the ring of the Hart {+Blink MP+9 Int+3 Dex-4}
                  | (You found it on level 4 of the Lair of Beasts)
 24454 | Lair:4   | Found a staircase to the Shoals.
 25386 | Lair:5   | Reached skill level 10 in Fighting
 26079 | Lair:5   | Reached skill level 10 in Necromancy
 26079 | Lair:5   | Reached XP level 14. HP: 88/88 MP: 23/27
 26603 | Lair:5   | Got a scorched pewter ring
 26605 | Lair:5   | Identified the ring of Emna Metzu {Int+3 Stlth+} (You found
                  | it on level 5 of the Lair of Beasts)
 27249 | Lair:6   | Entered Level 6 of the Lair of Beasts
 28001 | Lair:6   | Found a viscous altar of Jiyva.
 28001 | Lair:6   | Found a staircase to the Slime Pits.
 28102 | Lair:6   | Reached skill level 5 in Maces & Flails
 28122 | Lair:6   | Noticed an entropy weaver
 28468 | Lair:6   | Noticed an entropy weaver
 28675 | Lair:5   | Killed an entropy weaver
 29346 | Lair:6   | Killed an entropy weaver
 29848 | Lair:6   | Mangled by a catoblepas

Illustrated notes

Levels and vault maps discovered:
D:1:      lemuel_arrival_tunnels, layout_loops_ring, minmay_small_reverse_x
D:2:      layout_rooms, lemuel_coloured_pillars_altar,
          nicolae_ashenzari_panopticon
D:3:      layout_loops_ring, tso_metal_star, kennysheep_orc_chapel, uniq_grinder
D:4:      layout_cave_pods, gup_sewer_entry_pipe
D:5:      layout_basic, nemelex_altar_shiori, fedhas_altar_4
D:6:      layout_basic, lightli_temple_of_fire, minmay_temple_entry_oklob,
          uniq_blork_the_orc
D:7:      layout_basic
D:8:      layout_basic, kennysheep_mini_moat, bloody_trog
D:9:      layout_basic, nicolae_ru_great_annihilating_truth, david_lair_generic,
          zombieorc2_lemuel, grunt_ogre_cave, item_on_display_a
Temple:   dshaligram_water_room_temple
Lair:1:   layout_loops_ring
Lair:2:   layout_roguey, spider_nest_entry_webs, portal_ice_cave_rime,
          roderic_batcave, beast_lair_carwin_3
Lair:3:   layout_cave_pods, lemuel_oklob_altar, serial_bayou_shore_a,
          grunt_megastairs_3, uniq_nergalle
Lair:4:   layout_big_grid, minmay_shoals_entry_hut,
          nicolae_volcano_entry_vermiform, serial_forest,
          infiniplex_forest_straight_3, infiniplex_forest_zigzag_1,
          infiniplex_forest_side_room, infiniplex_forest_end_3,
          infiniplex_forest_end_double, chequers_serial_rivers_small_b,
          beast_lair_carwin_2, lemuel_fruit_fields
Lair:5:   beast_lair_carwin_large_3, layout_cave_pods, minmay_lair_oklob_chamber
Lair:6:   hangedman_lair_in_review, layout_misc_corridors,
          hangedman_lair_caniforms_friends, slime_altar_1,
          minmay_another_anthill

Skill      XL: |  1  2  3  4  5  6  7  8  9 10 11 12 13 14 |
---------------+-------------------------------------------+-----
Conjurations   | 2 3 4 5 6 8 |  8.0
Fighting       | 1 2 3 4 5 6 8 9 10 | 10.0
Air Magic      | 5 6 7 9 11 12 | 12.0
Dodging        | 3 4 5 6 7 9 10 11 | 11.4
Spellcasting   | 3 6 8 |  8.0
Translocations | 3 5 |  5.0
Necromancy     | 2 7 10 11 | 11.5
Ice Magic      | 5 7 9 |  9.4
Maces & Flails | 3 5 |  5.9
Stealth        | |  2.0

Action                   |  1- 3 |  4- 6 |  7- 9 | 10-12 | 13-15 || total
-------------------------+-------+-------+-------+-------+-------++-------
Melee: Short sword       |    35 |       |       |       |       ||    35
       Kick              |     4 |    11 |    27 |    70 |    22 ||   134
       Peck              |     2 |     3 |    19 |    36 |    13 ||    73
       Battleaxe         |     2 |    80 |       |       |       ||    82
       Dagger            |       |       |   140 |   272 |    16 ||   428
       Quarterstaff      |       |       |       |    13 |       ||    13
       Eveningstar       |       |       |       |       |   106 ||   106
Throw: Dart              |       |    14 |     8 |     4 |     3 ||    29
 Cast: Shock             |    52 |    58 |    90 |    25 |     2 ||   227
       Static Discharge  |       |     2 |     2 |     4 |     5 ||    13
       Airstrike         |       |       |    72 |   289 |   300 ||   661
       Swiftness         |       |       |       |     2 |       ||     2
       Lightning Bolt    |       |       |       |    10 |    28 ||    38
       Iskenderun's Myst |       |       |       |    10 |    12 ||    22
       Animate Dead      |       |       |       |     4 |     8 ||    12
       Frozen Ramparts   |       |       |       |       |    18 ||    18
 Abil: Fly               |       |     1 |       |       |       ||     1
Evoke: Wand              |       |       |       |    26 |     1 ||    27
  Use: Scroll            |       |     7 |    13 |     9 |    11 ||    40
       Potion            |       |       |     1 |     3 |     2 ||     6
 Stab: Sleeping          |     5 |     2 |     4 |     7 |     2 ||    20
       Distracted        |       |       |       |     1 |       ||     1
Armor: Robe              |     4 |    14 |    23 |    48 |    74 ||   163
Dodge: Dodged            |    29 |    90 |   116 |   332 |   225 ||   792

Table legend: (Time is in decaauts)
 A = Elapsed time spent in this place.
 B = Non-inter-level travel time spent in this place.
 C = Inter-level travel time spent in this place.
 D = Time resting spent in this place.
 E = Time spent auto-exploring this place.
 F = Levels seen in this place.
 G = Mean time per level.
                   A        B        C        D        E       F      G
               +--------+--------+--------+--------+--------+-----+--------+
         Total |  29012 |  28430 |    582 |   5852 |  18653 |  19 | 1526.9 |
       Dungeon |  12019 |  11699 |    320 |   1474 |   8546 |   9 | 1335.4 |
        Temple |    314 |    277 |     37 |    111 |    162 |   1 |  314.0 |
          Lair |  12037 |  11812 |    225 |   2134 |   8313 |   6 | 2006.2 |
         Sewer |   1210 |   1210 |      0 |      0 |   1018 |   1 | 1210.0 |
      Ice Cave |   2559 |   2559 |      0 |   1588 |    494 |   1 | 2559.0 |
       Volcano |    871 |    871 |      0 |    544 |    118 |   1 |  871.0 |
               +--------+--------+--------+--------+--------+-----+--------+

Top non-repeatable levels by time:
  Lair:5: 2811 daAuts
   IceCv: 2559 daAuts
  Lair:2: 2226 daAuts
     D:8: 2003 daAuts
  Lair:4: 1980 daAuts
  Lair:3: 1923 daAuts
     D:6: 1914 daAuts
  Lair:6: 1893 daAuts
     D:9: 1752 daAuts
     D:4: 1710 daAuts
     D:7: 1303 daAuts
     D:2: 1284 daAuts
   Sewer: 1210 daAuts
  Lair:1: 1201 daAuts
     D:1: 1124 daAuts
